 Dungeon Crawl Stone Soup version 0.21.1-1-g345015fe64 (webtiles) character file.

34588 DildoBatman the Jinx (level 14, -1/103 HPs)
             Began as a Formicid Wizard on Apr 28, 2018.
             Was a High Priest of Kikubaaqudgha.
             Slain by a black mamba (5 damage)
             ... on level 4 of the Lair of Beasts on Apr 29, 2018.
             The game lasted 01:37:24 (20541 turns).

DildoBatman the Jinx (Formicid Wizard)             Turns: 20541, Time: 01:37:25

Health: -1/103     AC: 14    Str: 13    XL:     14   Next: 14%
Magic:  1/23       EV: 12    Int: 30    God:    Kikubaaqudgha [*****.]
Gold:   926        SH: 12    Dex: 11    Spells: 13/26 levels left

rFire    + . .     SeeInvis +   b - +5 flail (freeze)
rCold    + . .     Gourm    .   w - +2 shield of Resistance {rF+ rC+ MR+}
rNeg     + . .     Faith    .   p - +5 ring mail of the Ladybird {rN+ Regen+}
rPois    .         Spirit   .   (helmet unavailable)
rElec    .         Reflect  .   R - +0 cloak
rCorr    .         Harm     .   h - +0 pair of gloves
MR       ++...                  (no boots)
Stlth    +++.......             r - amulet of regeneration
HPRegen  1.07/turn              F - +2 ring of dexterity
MPRegen  0.18/turn              D - +3 ring of intelligence

@: brilliant, lethally poisoned (-1 -> -4)
A: permanent stasis, dig shafts and tunnels, four strong arms, antennae 3
a: Dig, Shaft Self, Receive Corpses, Torment, Renounce Religion


You were on level 4 of the Lair of Beasts.
You worshipped Kikubaaqudgha.
Kikubaaqudgha was extremely pleased with you.
You were hungry.

You visited 4 branches of the dungeon, and saw 19 of its levels.

You collected 1581 gold pieces.
You spent 655 gold pieces at shops.

Inventory:

Hand Weapons
 a - the +1 flail "Xuz Zodweih" {venom, +Fly Str-4 Int+3 Dex+2}
   (You found it on level 12 of the Dungeon)

   It poisons the flesh of those it strikes.
   It affects your strength (-4).
   It affects your intelligence (+3).
   It affects your dexterity (+2).
   It lets you fly.
 b - a +5 flail of freezing (weapon)
 c - a +0 shortbow
 d - a +2 scimitar of flaming
 e - a +1 rapier of electrocution
Missiles
 f - 38 stones (quivered)
 q - 152 arrows
 y - 39 bolts
Armour
 h - a +0 pair of gloves (worn)
 l - a +1 scale mail of fire resistance
 m - a +4 ring mail of cold resistance
 p - the +5 ring mail of the Ladybird (worn) {rN+ Regen+}
   (You found it on level 2 of the Lair of Beasts)

   It protects you from negative energy.
   It increases your rate of regeneration.
 w - the +2 shield of Resistance (worn) {rF+ rC+ MR+}
   (You found it on level 12 of the Dungeon)

   It protects you from fire.
   It protects you from cold.
   It affects your resistance to hostile enchantments.
 K - the +5 ring mail of the Ageless Queens {*Drain +Blink rElec}
   (You bought it in a shop on level 2 of the Orcish Mines)

   It insulates you from electricity.
   It lets you blink.
   It causes draining when unequipped.
 R - a +0 cloak (worn)
Jewellery
 i - an uncursed ring of protection from fire
 r - an amulet of regeneration (around neck)
 u - an uncursed ring of resist corrosion
 D - a +3 ring of intelligence (right hand)
 F - a +2 ring of dexterity (left hand)
 M - an uncursed ring of protection from cold
Wands
 o - a wand of clouds (2)
 s - a wand of flame (43)
Scrolls
 j - a scroll of fog {unknown}
 x - 6 scrolls of remove curse
 z - 7 scrolls of identify
 C - 3 scrolls of magic mapping
Potions
 g - a potion of brilliance
 k - a potion of degeneration {unknown}
 n - a potion of invisibility {unknown}
 t - a potion of heal wounds {unknown}
 A - a potion of might {unknown}
 B - a potion of berserk rage {unknown}
Comestibles
 v - 30 rations


   Skills:
 * Level 7.6 Fighting
 * Level 6.8 Armour
 * Level 4.7 Dodging
 - Level 7.0 Stealth
 - Level 9.0 Shields
 * Level 6.5 Spellcasting
 * Level 3.8 Conjurations
 * Level 14.3 Hexes
 - Level 1.0 Summonings
 * Level 7.7 Necromancy
   Level 0.8 Translocations
 * Level 3.8 Air Magic
 * Level 9.2 Poison Magic
 - Level 4.0 Evocations


You had 13 spell levels left.
You knew the following spells:

 Your Spells              Type           Power        Failure   Level  Hunger
a - Slow                  Hex            #######.     1%          2    None
b - Confuse               Hex            #######.     1%          3    None
c - Magic Dart            Conj           ####         1%          1    None
e - Mephitic Cloud        Conj/Pois/Air  ######..     1%          3    None
f - Call Imp              Summ           ####....     1%          2    None
z - Sublimation of Blood  Necr           ######....   1%          2    None


Dungeon Overview and Level Annotations

Branches:
Dungeon (12/15)            Temple (1/1) D:5            Lair (4/6) D:9
    Orc (2/2) D:10            Elf (0/3) Orc:2
  Swamp: Lair:2-4    Shoals: Lair:2-4     Snake: Lair:2-4    Spider: Lair:2-4

Altars:
Ashenzari
Cheibriados
Dithmenos
Elyvilon
Fedhas
Gozag
Hepliaklqana
Kikubaaqudgha
Makhleb
Nemelex Xobeh
Okawaru
Qazlal
Ru
Sif Muna
Trog
Uskayaw
Vehumet
Wu Jian
Xom
Yredelemnul
Zin
The Shining One

Shops:
D:4 (   D:12 =   Orc:1 ?   Orc:2 [%**

Portals:
Trove: D:11 (give +7 demon blade)

Annotations:
Lair:1 2 transporters


Innate Abilities, Weirdness & Mutations

You cannot be hasted, slowed, berserked, paralysed or teleported.
You can dig through walls and to a lower floor.
Your four strong arms can wield two-handed weapons with a shield.
You have a pair of large antennae on your head. (SInv)


Message History

It was a potion of brilliance.
You feel clever all of a sudden.
You feel sick.
The black mamba bites you but does no damage.
The black mamba is engulfed in blazing flames.
The black mamba bites you but does no damage.
The black mamba misses you.
Okay, then.
Aiming: Cloud Cone
Press: ? - help, Dir - move target cursor, f - black mamba, p - black mamba
Aim: a black mamba (heavily wounded)
You create a blast of noxious fumes!
You feel sick.
The black mamba is engulfed in blazing flames.
The black mamba bites you but does no damage.
The black mamba misses you.
The black mamba is engulfed in blazing flames.
The black mamba bites you.
You die...
Kikubaaqudgha rasps: "You have failed me!
Welcome... death!"

##.<.P♣ .....
#8....# .....
#P...P♣≈P...♣
+...P≈#≈≈.......♣
+...≈≈#≈≈..⌠....♣
+†..≈≈#≈≈.P.....#
#....≈#≈≈.♣....P#
#♣....# ..P...P≈#
#♣§@♣# ......≈≈#
##SS####♣♣♣..≈##
#§§§§♣P†.....≈≈#
#§§§§§......≈≈≈#
#P.§§§§...P≈≈≈≈#
#♣P..#♣♣♣P≈≈≈≈8#
{ ##### ########
{


You could see 2 black mambas.

Vanquished Creatures
  Harold (Orc:1)
  3 hydras
  Erica (D:10)
  3 two-headed ogres
  3 orc high priests (Orc:2)
  The ghost of hofbold the Covert, a novice NaBe of Trog (D:8)
  3 unseen horrors
  Pikel (D:7)
  The ghost of htuhola the Magician, a novice OpWz of Sif Muna (D:6)
  5 orc knights
  4 orc sorcerers (Orc:2)
  An ugly thing (D:12)
  An oklob plant (Lair:3)
  A cyclops (Orc:2)
  2 black mambas (Lair:3)
  Psyche (D:8)
  4 spiny frogs
  A komodo dragon (Lair:2)
  A rime drake (Lair:2)
  4 trolls
  Grinder (D:5)
  4 hornets
  4 blink frogs (Lair:2)
  2 hippogriffs
  A wyvern (D:12)
  20 yaks
  2 basilisks (Lair:3)
  2 hungry ghosts
  Grum (D:12)
  2 wargs
  A soldier ant (D:12)
  Menkaure (D:4)
  Edmund (D:5)
  An acid dragon (D:11)
  5 porcupines
  5 water moccasins
  An ice beast (D:10)
  4 sky beasts
  4 slaves (D:7)
  2 black bears
  21 orc warriors
  7 ogres
  3 wolves (D:12)
  4 centaurs
  4 crocodiles
  A big kobold (D:8)
  A gnoll sergeant (D:11)
  9 bullfrogs
  A wyvern skeleton (D:10)
  9 killer bees
  A howler monkey (D:7)
  17 wights
  4 crimson imps
  A bullfrog zombie (D:11)
  4 centaur zombies
  6 hounds
  2 jellies (D:8)
  13 orc priests
  Crazy Yiuf (D:4)
  4 centaur skeletons
  6 iguanas
  27 orc wizards
  Natasha (thrice) (D:4)
  4 worker ants
  3 hound zombies
  A hound skeleton (D:6)
  3 worker ant zombies
  22 gnolls
  A howler monkey skeleton (D:10)
  15 adders
  3 shadow imps
  An ooze (D:2)
  An adder skeleton (D:9)
  4 worms
  2 dart slugs
  5 leopard geckos
  67 orcs
  3 ball pythons
  2 giant cockroaches
  8 goblins
  5 hobgoblins
  3 jackals (D:1)
  10 kobolds
  5 quokkas
  11 bats
  6 frilled lizards
  9 rats
449 creatures vanquished.

Vanquished Creatures (others)
  An orc priest (Orc:2)
  A worker ant zombie (D:7)
  5 plants (Lair:4)
7 creatures vanquished.

Grand Total: 456 creatures vanquished

Notes
Turn   | Place    | Note
-------+----------+-------------------------------------------
     0 | D:1      | DildoBatman the Formicid Wizard began the quest for the Orb.
     0 | D:1      | Reached XP level 1. HP: 13/13 MP: 4/4
    24 | D:1      | Reached skill level 1 in Conjurations
   132 | D:1      | Reached skill level 1 in Fighting
   132 | D:1      | Reached XP level 2. HP: 5/21 MP: 0/6
   584 | D:1      | Reached XP level 3. HP: 25/27 MP: 1/7
  1296 | D:2      | Reached XP level 4. HP: 24/34 MP: 2/8
  1551 | D:2      | Found a shattered altar of Ashenzari.
  1961 | D:2      | Reached skill level 1 in Armour
  2123 | D:2      | Reached XP level 5. HP: 37/41 MP: 4/9
  3063 | D:3      | Reached XP level 6. HP: 35/47 MP: 1/10
  3497 | D:4      | Noticed Menkaure
  3688 | D:4      | Found Erahis's Weapon Emporium.
  3730 | D:4      | Noticed Natasha
  4347 | D:4      | Found a runed door.
  4398 | D:5      | Entered Level 5 of the Dungeon
  4439 | D:5      | Found a sparkling altar of Nemelex Xobeh.
  4459 | D:5      | Found a staircase to the Ecumenical Temple.
  4464 | Temple   | Entered the Ecumenical Temple
  4767 | D:5      | Found an ancient bone altar of Kikubaaqudgha.
  4775 | D:5      | Became a worshipper of Kikubaaqudgha
  4779 | D:5      | Learned a level 2 spell: Slow
  4783 | D:5      | Learned a level 3 spell: Mephitic Cloud
  4786 | D:5      | Learned a level 2 spell: Call Imp
  4988 | D:5      | Reached skill level 1 in Shields
  5058 | D:5      | Noticed Grinder
  5525 | D:6      | Reached XP level 7. HP: 43/54 MP: 11/11
  5695 | D:6      | Reached skill level 1 in Hexes
  5695 | D:6      | Reached skill level 1 in Poison Magic
  5778 | D:6      | Noticed htuhola's ghost (novice OpWz)
  6091 | D:5      | Noticed Edmund
  6117 | D:5      | Killed Edmund
  6117 | D:5      | Reached skill level 2 in Hexes
  6117 | D:5      | Reached skill level 1 in Air Magic
  6433 | D:5      | Reached XP level 8. HP: 52/60 MP: 13/13
  6670 | D:5      | Killed Grinder
  6670 | D:5      | Reached skill level 3 in Hexes
  6768 | D:4      | Noticed Crazy Yiuf
  6785 | D:4      | Killed Crazy Yiuf
  6888 | D:4      | Killed Natasha
  6971 | D:4      | Killed Menkaure
  6971 | D:4      | Reached skill level 4 in Hexes
  7056 | D:4      | Noticed Natasha
  7070 | D:4      | Killed Natasha
  7241 | D:7      | Reached skill level 5 in Poison Magic
  7392 | D:4      | Noticed Natasha
  7400 | D:4      | Killed Natasha
  7499 | D:7      | Found a shattered altar of Ashenzari.
  7563 | D:7      | Reached skill level 5 in Hexes
  7619 | D:7      | Reached * piety under Kikubaaqudgha
  7619 | D:7      | Identified Kikubaaqudgha's Volume of Unholy Secrets (Kikubaaqudgha gifted it to you on level 7 of the Dungeon)
  7619 | D:7      | Received a gift from Kikubaaqudgha
  7619 | D:7      | Reached XP level 9. HP: 65/65 MP: 11/15
  7684 | D:7      | Reached skill level 6 in Hexes
  7756 | D:7      | Noticed Pikel
  7783 | D:7      | Killed Pikel
  7880 | D:7      | Learned a level 3 spell: Confuse
  7883 | D:7      | Learned a level 2 spell: Sublimation of Blood
  7988 | D:7      | Found a glowing silver altar of Zin.
  8345 | D:7      | Found a deep blue altar of Sif Muna.
  8634 | D:8      | Reached skill level 5 in Stealth
  8671 | D:8      | Reached skill level 5 in Fighting
  8773 | D:8      | Reached XP level 10. HP: 57/74 MP: 17/17
  8805 | D:8      | Reached skill level 7 in Hexes
  8822 | D:8      | Noticed Psyche
  8878 | D:8      | Killed Psyche
  8878 | D:8      | Reached skill level 5 in Shields
  8878 | D:8      | Reached skill level 5 in Spellcasting
  9084 | D:8      | Noticed hofbold's ghost (novice NaBe)
  9084 | D:8      | Reached ** piety under Kikubaaqudgha
  9284 | D:8      | Killed hofbold's ghost
  9284 | D:8      | Reached skill level 8 in Hexes
  9897 | D:9      | You fall through a shaft for 3 floors!
 10005 | D:12     | Reached skill level 9 in Hexes
 10027 | D:12     | Noticed an unseen horror
 10052 | D:12     | Killed an unseen horror
 10083 | D:12     | Reached skill level 10 in Hexes
 10116 | D:11     | Noticed a brown ugly thing
 10131 | D:11     | Noticed Grum
 10163 | D:12     | Killed a brown ugly thing
 10163 | D:12     | Reached skill level 11 in Hexes
 10163 | D:12     | Reached XP level 11. HP: 49/79 MP: 10/18
 10282 | D:12     | Killed Grum
 10282 | D:12     | Reached *** piety under Kikubaaqudgha
 10282 | D:12     | Identified Kikubaaqudgha's Volume of Darkness (Kikubaaqudgha gifted it to you on level 12 of the Dungeon)
 10282 | D:12     | Received a gift from Kikubaaqudgha
 10358 | D:11     | Noticed a green ugly thing
 10403 | D:12     | Reached skill level 12 in Hexes
 10540 | D:10     | Entered Level 10 of the Dungeon
 10560 | D:10     | Reached skill level 1 in Evocations
 10797 | D:10     | Noticed Erica
 10837 | D:10     | Killed Erica
 10855 | D:10     | Noticed a two-headed ogre
 10916 | D:10     | Killed a two-headed ogre
 10965 | D:9      | Found a staircase to the Lair.
 11267 | D:9      | Reached **** piety under Kikubaaqudgha
 11736 | D:10     | Noticed an unseen horror
 11755 | D:10     | Killed an unseen horror
 11755 | D:10     | Reached skill level 5 in Armour
 12029 | D:10     | Found a staircase to the Orcish Mines.
 12545 | D:11     | Noticed an unseen horror
 12642 | D:11     | Killed an unseen horror
 12642 | D:11     | Reached XP level 12. HP: 43/89 MP: 5/21
 13002 | D:6      | Killed htuhola's ghost
 13259 | D:11     | Reached skill level 1 in Necromancy
 13275 | D:11     | Noticed a six-headed hydra
 13300 | D:11     | Killed a one-headed hydra
 13389 | D:11     | Found a portal to a secret trove of treasure.
 13597 | D:11     | Noticed a two-headed ogre
 13608 | D:11     | Killed a two-headed ogre
 13608 | D:11     | Reached skill level 13 in Hexes
 13776 | D:12     | Noticed a seven-headed hydra
 13823 | D:12     | Killed a one-headed hydra
 13864 | D:12     | Got a steaming flail
 13865 | D:12     | Identified the cursed +1 flail "Xuz Zodweih" {venom, +Fly Str-4 Int+3 Dex+2} (You found it on level 12 of the Dungeon)
 14006 | D:12     | Noticed a two-headed ogre
 14029 | D:12     | Killed a two-headed ogre
 14056 | D:12     | Found Hogeror's Jewellery Boutique.
 14057 | D:12     | Found the +2 shield of Resistance {rF+ rC+ MR+}
 14674 | Orc:1    | Entered Level 1 of the Orcish Mines
 15250 | Orc:1    | Noticed Harold
 15305 | Orc:1    | Killed Harold
 15305 | Orc:1    | Reached XP level 13. HP: 87/96 MP: 14/22
 15462 | Orc:1    | Found Hasuvuic's Magic Scroll Boutique.
 15559 | Orc:2    | Entered Level 2 of the Orcish Mines
 15600 | Orc:2    | Found a staircase to the Elven Halls.
 15884 | Orc:2    | Reached ***** piety under Kikubaaqudgha
 16059 | Orc:2    | Reached skill level 5 in Necromancy
 16611 | Orc:2    | Reached skill level 14 in Hexes
 17491 | Orc:2    | Found Niugosen's Antique Armour Emporium.
 17495 | Orc:2    | Found Ophuenwi's Food Shop.
 17501 | Orc:2    | Found Heireqot's Assorted Antiques.
 17503 | Orc:2    | Found Dicuq's Assorted Antiques.
 17526 | Orc:2    | Bought a scroll labeled ELIPEY JAMMIAP for 26 gold pieces
 17526 | Orc:2    | Bought a scroll labeled JATWEY LIVVA for 26 gold pieces
 17526 | Orc:2    | Bought a scroll labeled INAQOMN NOKIW for 26 gold pieces
 17526 | Orc:2    | Bought a bubbling pink potion for 23 gold pieces
 17528 | Orc:2    | Bought a blue potion for 27 gold pieces
 17528 | Orc:2    | Bought a sapphire potion for 27 gold pieces
 17538 | Orc:2    | Bought a pitted ring mail for 279 gold pieces
 17550 | Orc:2    | Bought a shimmering war axe for 221 gold pieces
 17634 | Orc:2    | Identified the +5 war axe of Dishonour {chop, Fragile rF++ MP+9} (You bought it in a shop on level 2 of the Orcish Mines)
 17655 | Orc:2    | Identified the +5 ring mail of the Ageless Queens {*Drain +Blink rElec} (You bought it in a shop on level 2 of the Orcish Mines)
 17744 | Lair:1   | Entered Level 1 of the Lair of Beasts
 17845 | Lair:1   | Found a transporter.
 17896 | Lair:1   | Found a transporter.
 18828 | Lair:2   | Got a crude ring mail
 19391 | Lair:3   | Noticed an eight-headed hydra
 19406 | Lair:3   | Killed an eight-headed hydra
 19468 | Lair:3   | Found a burning altar of Makhleb.
 19953 | Lair:3   | Reached XP level 14. HP: 102/103 MP: 13/23
 20327 | Lair:3   | Identified the +5 ring mail of the Ladybird {rN+ Regen+} (You found it on level 2 of the Lair of Beasts)
 20540 | Lair:4   | HP: 5/103 [poisoned by a black mamba]
 20541 | Lair:4   | Slain by a black mamba

Skill      XL: |  1  2  3  4  5  6  7  8  9 10 11 12 13 14 |
---------------+-------------------------------------------+-----
Conjurations   | 1 2 3 |  3.8
Fighting       | 1 2 3 4 5 6 7 |  7.6
Dodging        | 2 3 4 |  4.7
Armour         | 1 2 3 4 5 6 |  6.8
Stealth        | 3 4 5 6 7 |  7.0
Shields        | 2 3 4 5 7 9 |  9.0
Hexes          | 2 5 6 11 12 13 14 | 14.3
Poison Magic   | 2 6 8 9 |  9.2
Air Magic      | 1 2 3 |  3.8
Spellcasting   | 4 5 6 |  6.5
Evocations     | 2 3 4 |  4.0
Necromancy     | 4 7 |  7.7
Summonings     | |  1.0
Translocations | |  0.8

Action                   |  1- 3 |  4- 6 |  7- 9 | 10-12 | 13-15 || total
-------------------------+-------+-------+-------+-------+-------++-------
Melee: Unarmed           |     6 |       |       |       |       ||     6
       Short sword       |    12 |       |       |       |       ||    12
       Dagger            |    28 |    97 |    66 |    95 |       ||   286
       Rapier            |       |     7 |   273 |   513 |       ||   793
       Halberd           |       |     3 |       |       |       ||     3
       Flail             |       |       |       |   186 |   616 ||   802
       Scimitar          |       |       |       |    17 |       ||    17
 Fire: Shortbow          |       |       |       |   161 |       ||   161
Throw: Stone             |       |       |       |     1 |       ||     1
 Cast: Magic Dart        |    72 |   136 |    13 |       |       ||   221
       Mephitic Cloud    |       |       |     7 |    10 |     6 ||    23
       Slow              |       |       |     4 |    53 |    31 ||    88
       Confuse           |       |       |     1 |   111 |   107 ||   219
       Sublimation of Bl |       |       |       |     1 |       ||     1
 Abil: Dig               |     4 |     7 |    12 |    22 |    16 ||    61
Evoke: Wand              |       |       |       |       |     3 ||     3
  Use: Scroll            |       |     2 |     1 |     5 |       ||     8
       Potion            |       |       |       |       |     1 ||     1
 Stab: Sleeping          |     4 |     3 |       |     2 |     1 ||    10
       Confused          |       |       |     7 |    45 |    44 ||    96
       Distracted        |       |       |     1 |       |       ||     1
  Eat: Chunk             |     1 |    12 |    14 |    28 |    21 ||    76
Armor: Robe              |     9 |    11 |       |       |       ||    20
       Leather armour    |       |     5 |     9 |       |       ||    14
       Scale mail        |       |       |   100 |   269 |       ||   369
       Acid dragon scale |       |       |       |    18 |       ||    18
       Ring mail         |       |       |       |       |   134 ||   134
Dodge: Dodged            |    37 |    68 |   143 |   313 |   168 ||   729
Block: Buckler           |       |     4 |    51 |   111 |       ||   166
       Shield            |       |       |       |    47 |   274 ||   321
